 Dungeon Sprint DCSS version 0.31-a0-408-gb642c7f9a3 (webtiles) character file.

Game seed: 2315693500812635246

28414 zazu2006 the Unseen (level 13, 0/169 HPs)
             Began as a Gnoll Wanderer on July 29, 2023.
             Was the Champion of Trog.
             Slain by Azrael
             ... wielding a +4 scimitar of flaming
              (3 damage)
             ... in the Dungeon (Sprint IX: "|||||||||||||||||||||||||||||").
             The game lasted 00:15:17 (4529 turns).

zazu2006 the Unseen (Gnoll Wanderer)                Turns: 4529, Time: 00:15:18

Health: 0/169      AC: 26    Str: 18    XL:     13   Next: 38%
Magic:  0/10       EV: 15    Int: 15    God:    Trog [******]
Gold:   1459       SH:  0    Dex: 17    Spells: 38/38 levels left

rFire   . . .        s - +2 demon blade (antimagic)
rCold   + + .        y - orb "Evystrot" {mayhem, rC+ Str+4}
rNeg    . . .        h - +1 chain mail {rC+}
rPois   .            n - +0 helmet
rElec   .            l - +1 cloak
rCorr   .            t - +3 Mad Mage's Maulers {Infuse+∞ VampMP -Cast}
SInv    .            D - +1 pair of boots
Will    .....        (no amulet) Stlth
                     d - +3 ring of dexterity
HPRegen 0.48/turn    q - +3 ring of intelligence
MPRegen 0.12/turn

%: no teleportation, no spellcasting, mayhem
@: berserking, very quick
A: fangs 1, strong nose, distributed training
a: Renounce Religion, Berserk, Trog's Hand, Brothers in Arms


You were in the Dungeon.
You worshipped Trog.
Trog was exalted by your worship.
You visited 1 branch You collected 1949 gold pieces.
You spent 490 gold pieces at shops.

Inventory:

Hand Weapons
 a - a +1 dagger
 m - the +2 scimitar of Vuph {drain, Str+3}
   (You found it in the Dungeon)

   Str:       It affects your strength (+3).
 s - a +2 antimagic demon blade (weapon)
Missiles
 c - a datura-tipped dart
Armour
 h - a +1 chain mail of cold resistance (worn)
 l - a +1 cloak (worn)
 n - a +0 helmet (worn)
 p - a +1 pair of gloves
 r - a +0 troll leather armour
 t - the +3 Mad Mage's Maulers (worn) {Infuse+∞ VampMP -Cast}
   (You found it in the Dungeon)

   Infuse+∞: It empowers its wearer's blows with all of their magic.
   VampMP:    Blows struck in melee replenish the wearer's magic.
   -Cast:     It prevents spellcasting.
 y - the orb "Evystrot" (worn) {mayhem, rC+ Str+4}
   (You bought it in a shop in the Dungeon)

   Str:       It affects your strength (+4).
   rC:        It protects you from cold.
 D - a +1 pair of boots (worn)
Jewellery
 d - a +3 ring of dexterity (left hand)
 q - a +3 ring of intelligence (right hand)
 A - a ring of see invisible
 B - a ring of protection from fire
 C - a ring of protection from cold
Wands
 b - a wand of mindburst (14)
 z - a wand of roots (12)
Scrolls
 e - 3 scrolls of fog
 v - 4 scrolls of enchant armour
 w - 2 scrolls of identify
Potions
 f - 6 potions of curing
 i - 4 potions of magic
 j - a potion of invisibility
 o - a potion of resistance
 u - a potion of mutation


   Skills:
 + Level 14.1 Fighting
 + Level 13.4 Short Blades
 + Level 13.4 Long Blades
 + Level 13.4 Axes
 + Level 13.4 Maces & Flails
 + Level 13.4 Polearms
 + Level 13.4 Staves
 + Level 13.4 Ranged Weapons
 + Level 13.4 Throwing
 + Level 14.8 Armour
 + Level 13.6 Dodging
 + Level 15.3 Stealth
 + Level 13.4 Shields
 + Level 13.4 Unarmed Combat
 + Level 13.4 Spellcasting
 + Level 11.3 Conjurations
 + Level 11.3 Hexes
 + Level 11.3 Summonings
 + Level 11.3 Necromancy
 + Level 11.3 Translocations
 + Level 11.3 Transmutations
 + Level 11.3 Fire Magic
 + Level 11.3 Ice Magic
 + Level 11.3 Air Magic
 + Level 11.3 Earth Magic
 + Level 11.3 Poison Magic
 + Level 14.5 Invocations
 + Level 13.4 Evocations
 + Level 11.3 Shapeshifting


You had 38 spell levels left.
You didn't know any spells.
Your spell library was empty.

Dungeon Overview and Level Annotations

Branches:
Dungeon (1/1)

Altars:
Cheibriados
Dithmenos
Elyvilon
Fedhas
Gozag
Hepliaklqana
Kikubaaqudgha
Makhleb
Nemelex Xobeh
Okawaru
Qazlal
Ru
Sif Muna
Trog
Uskayaw
Vehumet
Wu Jian
Xom
Yredelemnul
Zin
The Shining One
Jiyva
Lugonu

Shops:
D [*(*

Annotations:
D Azrael


Innate Abilities, Weirdness & Mutations

You have very sharp teeth.
Your uncanny sense of smell can sniff out nearby items.
Your experience applies equally to all skills.


Message History

Azrael hits you with a +4 scimitar of flaming!!
Azrael burns you.
You slash Azrael!
Azrael's magic leaks into the air.
Azrael is lightly wounded.
Azrael misses you.
You hit Azrael.
Azrael's magic leaks into the air.
Azrael is moderately wounded.
Azrael hits you with a +4 scimitar of flaming!!
Azrael burns you.
You barely miss Azrael.
Azrael is moderately wounded.
You slice Azrael!!
Azrael's magic leaks into the air.
You bite Azrael, but do no damage.
Azrael is heavily wounded.
Azrael hits you with a +4 scimitar of flaming!
* * * LOW HITPOINT WARNING * * *
Azrael burns you.
* * * LOW HITPOINT WARNING * * *
A red film seems to cover your vision as you go berserk!
You feel yourself moving faster!
You feel mighty! Azrael closely misses you.
Azrael hits you with a +4 scimitar of flaming!!
* * * LOW HITPOINT WARNING * * *
Azrael burns you.
* * * LOW HITPOINT WARNING * * *
You slice Azrael!!
Azrael's magic leaks into the air.
Azrael is severely wounded.
Azrael hits you with a +4 scimitar of flaming!
* * * LOW HITPOINT WARNING * * *
Azrael burns you.
* * * LOW HITPOINT WARNING * * *
You barely miss Azrael.
Azrael is severely wounded.
Unknown command.
Unknown command.
You hit Azrael.
Azrael's magic leaks into the air.
Azrael is severely wounded.
Azrael hits you with a +4 scimitar of flaming.
* * * LOW HITPOINT WARNING * * *
Azrael burns you.
You die...

▓▓▓▓▓▓▓▓▓▓▓▓▓▓▓▓▓▓▓▓▓▓▓▓
....)...........@R...†..
▓▓▓▓▓▓▓▓▓▓▓▓▓▓▓▓▓▓▓▓▓▓▓▓▓▓▓▓▓▓▓▓▓
........'..........(..))'........
▓▓▓▓▓▓▓▓▓▓▓▓▓▓▓▓▓▓▓▓▓▓▓▓▓▓▓▓▓▓▓▓▓
.........[.....).)...............
▓▓▓▓▓▓▓▓▓▓▓▓▓▓▓▓▓▓▓▓▓▓▓▓▓▓▓▓▓▓▓▓▓
........'.....∩)∩.∩.∩...)))).....
▓▓▓▓▓▓▓▓▓▓▓▓▓▓▓▓▓▓▓▓▓▓▓▓▓▓▓▓▓▓▓▓▓
............)..................).


You could see the neutral Azrael (fast, strong, insane, magic disrupted).

Vanquished Creatures
  Rupert (D)
  Gastronok (D)
  A stone giant (D)
  An ettin (D)
  Josephine (D)
  2 fire dragons (D)
  3 ogre magi (D)
  4 centaur warriors (D)
  A boulder beetle (D)
  5 two-headed ogres (D)
  Urug (D)
  A death yak (D)
  A deep troll earth mage (D)
  A flayed ghost (D)
  4 orc knights (D)
  2 wizards (D)
  2 lindwurms (D)
  2 ugly things (D)
  A cyclops (D)
  An orc sorcerer (D)
  A black mamba (D)
  Maurice (D)
  3 cane toads (D)
  A rime drake (D)
  A yaktaur (D)
  A kobold demonologist (D)
  An efreet (D)
  2 komodo dragons (D)
  A meliai (D)
  2 trolls (D)
  A polar bear (D)
  A blink frog (D)
  3 yaks (D)
  4 wraiths (D)
  A wyvern (D)
  A basilisk (D)
  2 fire elementals (D)
  Eustachio (D)
  A vampire mosquito (D)
  2 water moccasins (D)
  10 orc warriors (D)
  5 ogres (D)
  2 bullfrogs (D)
  A killer bee (D)
  2 hounds (D)
  A jelly (D)
  3 orc priests (D)
  An iguana (D)
  3 orc wizards (D)
  A white imp (D)
  6 worms (D)
  5 orcs (D)
  3 endoplasms (D)
  A frilled lizard (D)
  A kobold (D)
112 creatures vanquished.

Vanquished Creatures (collateral kills)
  A fire elemental (D)
  A hell hound (D)
2 creatures vanquished.

Grand Total: 114 creatures vanquished

Notes
Turn   | Place    | Note
-------+----------+-------------------------------------------
     0 | D        | zazu2006 the Gnoll Wanderer began the quest for the Orb.
     0 | D        | zazu2006 set off with the following items: a +1 dagger, 2
                  | atropa-tipped darts, a datura-tipped dart, a +0 ring mail,
                  | a scroll of fog, a potion of curing, a potion of heal
                  | wounds, a potion of haste, 2 potions of magic, a potion of
                  | berserk rage, a scroll of blinking.
     0 | D        | Reached XP level 1. HP: 20/20 MP: 1/1
    24 | D        | Reached skill level 1 in Invocations
    28 | D        | Reached skill level 1 in Short Blades
    28 | D        | Reached skill level 1 in Long Blades
    28 | D        | Reached skill level 1 in Axes
    28 | D        | Reached skill level 1 in Maces & Flails
    28 | D        | Reached skill level 1 in Polearms
    28 | D        | Reached skill level 1 in Staves
    28 | D        | Reached skill level 1 in Ranged Weapons
    28 | D        | Reached skill level 1 in Throwing
    28 | D        | Reached skill level 1 in Shields
    28 | D        | Reached skill level 1 in Unarmed Combat
    28 | D        | Reached skill level 1 in Spellcasting
    28 | D        | Reached skill level 1 in Evocations
    59 | D        | Noticed a hound
    59 | D        | Noticed an iguana
    59 | D        | Noticed a jelly
    59 | D        | Noticed a hound
    78 | D        | Killed a hound
    79 | D        | Reached skill level 5 in Fighting
    79 | D        | Reached skill level 8 in Stealth
    79 | D        | Reached skill level 1 in Conjurations
    79 | D        | Reached skill level 1 in Hexes
    79 | D        | Reached skill level 1 in Summonings
    79 | D        | Reached skill level 1 in Necromancy
    79 | D        | Reached skill level 1 in Translocations
    79 | D        | Reached skill level 1 in Transmutations
    79 | D        | Reached skill level 1 in Fire Magic
    79 | D        | Reached skill level 1 in Ice Magic
    79 | D        | Reached skill level 1 in Air Magic
    79 | D        | Reached skill level 1 in Earth Magic
    79 | D        | Reached skill level 1 in Poison Magic
    79 | D        | Reached skill level 1 in Shapeshifting
    79 | D        | Reached XP level 2. HP: 27/27 MP: 3/5
    79 | D        | Reached XP level 3. HP: 33/33 MP: 3/6
    82 | D        | Reached XP level 4. HP: 39/39 MP: 3/7
   110 | D        | Reached XP level 5. HP: 14/46 MP: 6/9
   218 | D        | Found a snail-covered altar of Cheibriados.
   218 | D        | Found a shadowy altar of Dithmenos.
   218 | D        | Found a white marble altar of Elyvilon.
   218 | D        | Found a blossoming altar of Fedhas.
   218 | D        | Found an opulent altar of Gozag.
   219 | D        | Found a hazy altar of Hepliaklqana.
   220 | D        | Found a viscous altar of Jiyva.
   221 | D        | Found an ancient bone altar of Kikubaaqudgha.
   222 | D        | Found a corrupted altar of Lugonu.
   223 | D        | Found a burning altar of Makhleb.
   224 | D        | Found a sparkling altar of Nemelex Xobeh.
   225 | D        | Found an iron altar of Okawaru.
   226 | D        | Found a stormy altar of Qazlal.
   227 | D        | Found a sacrificial altar of Ru.
   228 | D        | Found a shimmering blue altar of Sif Muna.
   229 | D        | Found a bloodstained altar of Trog.
   230 | D        | Found a hide-covered altar of Uskayaw.
   231 | D        | Found a radiant altar of Vehumet.
   232 | D        | Found an ornate altar of the Wu Jian Council.
   233 | D        | Found a shimmering altar of Xom.
   234 | D        | Found a basalt altar of Yredelemnul.
   235 | D        | Found a glowing silver altar of Zin.
   236 | D        | Found a glowing golden altar of the Shining One.
   237 | D        | Became a worshipper of Trog the Wrathful
   253 | D        | Got the +2 scimitar of Vuph {drain, Str+3}
   287 | D        | Noticed a kobold demonologist
   287 | D        | Noticed a wraith
   287 | D        | Noticed a yak
   287 | D        | Noticed a vampire mosquito
   289 | D        | Killed a vampire mosquito
   289 | D        | Reached * piety under Trog
   289 | D        | Killed a yak
   289 | D        | Killed a wraith
   290 | D        | Reached skill level 5 in Short Blades
   290 | D        | Reached skill level 5 in Long Blades
   290 | D        | Reached skill level 5 in Axes
   290 | D        | Reached skill level 5 in Maces & Flails
   290 | D        | Reached skill level 5 in Polearms
   290 | D        | Reached skill level 5 in Staves
   290 | D        | Reached skill level 5 in Ranged Weapons
   290 | D        | Reached skill level 5 in Throwing
   290 | D        | Reached skill level 9 in Stealth
   290 | D        | Reached skill level 5 in Shields
   290 | D        | Reached skill level 5 in Unarmed Combat
   290 | D        | Reached skill level 5 in Spellcasting
   290 | D        | Reached skill level 5 in Evocations
   290 | D        | Reached XP level 6. HP: 55/55 MP: 9/14
   290 | D        | Reached XP level 7. HP: 60/60 MP: 9/15
   291 | D        | Noticed a sixfirhy
   293 | D        | Noticed a sixfirhy
   294 | D        | Killed a kobold demonologist
   294 | D        | Reached ** piety under Trog
   295 | D        | Reached skill level 10 in Stealth
   295 | D        | Reached skill level 5 in Conjurations
   295 | D        | Reached skill level 5 in Hexes
   295 | D        | Reached skill level 5 in Summonings
   295 | D        | Reached skill level 5 in Necromancy
   295 | D        | Reached skill level 5 in Translocations
   295 | D        | Reached skill level 5 in Transmutations
   295 | D        | Reached skill level 5 in Fire Magic
   295 | D        | Reached skill level 5 in Ice Magic
   295 | D        | Reached skill level 5 in Air Magic
   295 | D        | Reached skill level 5 in Earth Magic
   295 | D        | Reached skill level 5 in Poison Magic
   295 | D        | Reached skill level 5 in Shapeshifting
   295 | D        | Reached XP level 8. HP: 36/68 MP: 9/17
   398 | D        | Noticed a troll
   398 | D        | Noticed an efreet
   398 | D        | Noticed a centaur warrior
   398 | D        | Noticed a troll
   398 | D        | Noticed a centaur warrior
   398 | D        | Noticed a boulder beetle
   401 | D        | Killed a centaur warrior
   401 | D        | Killed a centaur warrior
   401 | D        | Killed a troll
   401 | D        | Reached *** piety under Trog
   402 | D        | Reached skill level 10 in Armour
   402 | D        | Reached skill level 11 in Stealth
   402 | D        | Reached XP level 9. HP: 55/76 MP: 17/20
   403 | D        | Killed a troll
   406 | D        | Killed an efreet
   409 | D        | Killed a boulder beetle
   409 | D        | Reached **** piety under Trog
   642 | D        | Found the +3 Mad Mage's Maulers {Infuse+∞ VampMP -Cast}
   677 | D        | Noticed a komodo dragon
   677 | D        | Noticed a cane toad
   679 | D        | Reached XP level 10. HP: 84/84 MP: 4/22
   684 | D        | Killed a cane toad
   701 | D        | Reached skill level 10 in Fighting
   708 | D        | Reached ***** piety under Trog
   719 | D        | Reached skill level 10 in Invocations
   733 | D        | Reached skill level 12 in Stealth
   952 | D        | Noticed a cane toad
   952 | D        | Noticed a cane toad
   952 | D        | Noticed a black mamba
   956 | D        | Received a gift from Trog
   957 | D        | Noticed a death yak
   973 | D        | Killed a black mamba
   977 | D        | Killed a death yak
   978 | D        | Reached skill level 10 in Dodging
   980 | D        | Killed a cane toad
   982 | D        | Killed a cane toad
   983 | D        | Reached XP level 11. HP: 68/92 MP: 1/24
   988 | D        | Reached skill level 10 in Short Blades
   988 | D        | Reached skill level 10 in Long Blades
   988 | D        | Reached skill level 10 in Axes
   988 | D        | Reached skill level 10 in Maces & Flails
   988 | D        | Reached skill level 10 in Polearms
   988 | D        | Reached skill level 10 in Staves
   988 | D        | Reached skill level 10 in Ranged Weapons
   988 | D        | Reached skill level 10 in Throwing
   988 | D        | Reached skill level 10 in Shields
   988 | D        | Reached skill level 10 in Unarmed Combat
   988 | D        | Reached skill level 10 in Spellcasting
   988 | D        | Reached skill level 10 in Evocations
  1152 | D        | Noticed a lindwurm
  1152 | D        | Noticed a lindwurm
  1155 | D        | Received a gift from Trog
  1162 | D        | Killed a lindwurm
  1166 | D        | Killed a lindwurm
  1171 | D        | Reached ****** piety under Trog
  1309 | D        | Noticed Maurice
  1318 | D        | Killed Maurice
  1326 | D        | Noticed Eustachio
  1382 | D        | Killed Eustachio
  1437 | D        | Received a gift from Trog
  1464 | D        | Received a gift from Trog
  1636 | D        | Noticed an orc knight
  1636 | D        | Noticed an orc knight
  1638 | D        | Noticed an orc knight
  1646 | D        | Killed an orc knight
  1647 | D        | Reached skill level 13 in Stealth
  1648 | D        | Noticed an orc sorcerer
  1655 | D        | Killed an orc knight
  1825 | D        | Killed an orc knight
  2044 | D        | Received a gift from Trog
  2109 | D        | Killed an orc sorcerer
  2116 | D        | Noticed an orc knight
  2169 | D        | Killed an orc knight
  2406 | D        | Found Fyitof's Assorted Antiques.
  2406 | D        | Noticed a two-headed ogre
  2406 | D        | Noticed an ogre mage
  2406 | D        | Noticed an ogre mage
  2406 | D        | Noticed a two-headed ogre
  2407 | D        | Noticed a two-headed ogre
  2412 | D        | Killed a two-headed ogre
  2412 | D        | Received a gift from Trog
  2414 | D        | Killed an ogre mage
  2415 | D        | Noticed an ogre mage
  2418 | D        | Noticed a two-headed ogre
  2421 | D        | Killed an ogre mage
  2422 | D        | Reached XP level 12. HP: 102/102 MP: 0/27
  2422 | D        | Found Turgh's Antique Weapon Shop.
  2426 | D        | Killed a two-headed ogre
  2430 | D        | Killed a two-headed ogre
  2435 | D        | Killed an ogre mage
  2435 | D        | Received a gift from Trog
  2439 | D        | Killed a two-headed ogre
  2440 | D        | Reached skill level 10 in Conjurations
  2440 | D        | Reached skill level 10 in Hexes
  2440 | D        | Reached skill level 10 in Summonings
  2440 | D        | Reached skill level 10 in Necromancy
  2440 | D        | Reached skill level 10 in Translocations
  2440 | D        | Reached skill level 10 in Transmutations
  2440 | D        | Reached skill level 10 in Fire Magic
  2440 | D        | Reached skill level 10 in Ice Magic
  2440 | D        | Reached skill level 10 in Air Magic
  2440 | D        | Reached skill level 10 in Earth Magic
  2440 | D        | Reached skill level 10 in Poison Magic
  2440 | D        | Reached skill level 10 in Shapeshifting
  2644 | D        | Found Uhuhug's Assorted Antiques.
  2648 | D        | Found Hitzis Gali's Armour Shop.
  2653 | D        | Noticed a two-headed ogre
  2658 | D        | Reached skill level 14 in Stealth
  2668 | D        | Killed a two-headed ogre
  2754 | D        | Bought a potion of heal wounds for 140 gold pieces
  2758 | D        | Bought a masterwork orb for 350 gold pieces
  2758 | D        | Identified the orb "Evystrot" {mayhem, rC+ Str+4} (You
                  | bought it in a shop in the Dungeon)
  2789 | D        | Noticed Gastronok
  2806 | D        | Killed Gastronok
  2915 | D        | Noticed Josephine
  2919 | D        | Received a gift from Trog
  2930 | D        | Killed Josephine
  3024 | D        | Noticed Urug
  3031 | D        | Killed Urug
  3172 | D        | Noticed a fire dragon
  3172 | D        | Noticed a centaur warrior
  3172 | D        | Noticed a centaur warrior
  3182 | D        | Killed a centaur warrior
  3183 | D        | Noticed a deep troll earth mage
  3187 | D        | Killed a centaur warrior
  3187 | D        | Received a gift from Trog
  3193 | D        | Noticed a stone giant
  3202 | D        | Killed a fire dragon
  3211 | D        | Noticed an ettin
  3563 | D        | Killed a deep troll earth mage
  3563 | D        | Identified the +3 lajatang of the Sun {flame, *Slow rPois
                  | rF++ SInv} (Trog gifted it to you in the Dungeon)
  3563 | D        | Received a gift from Trog
  3564 | D        | Reached XP level 13. HP: 93/111 MP: 2/29
  3871 | D        | Killed a stone giant
  3988 | D        | Killed an ettin
  4061 | D        | Reached skill level 15 in Stealth
  4194 | D        | Noticed a fire dragon
  4211 | D        | Killed a fire dragon
  4211 | D        | Received a gift from Trog
  4399 | D        | Noticed Rupert
  4404 | D        | Paralysed by Rupert for 3 turns
  4416 | D        | Killed Rupert
  4512 | D        | Noticed Azrael
  4527 | D        | HP: 7/169 [Azrael/+4 scimitar of flaming (4)]
  4529 | D        | HP: 3/169 [Azrael/+4 scimitar of flaming (5)]
  4529 | D        | Slain by Azrael

Illustrated notes

Levels and vault maps discovered:
D:        linesprint [early_d, line_temple, items_1, d_10, items_2, lair_1,
          lair_end, items_3, orc_1, orc_end, items_4, d_15, swamp_1, shoals_1,
          snake_1, spider_1, d_20, vaults_1, items_5, swamp_end, shoals_end,
          snake_end, spider_end, vaults_end, d_27, items_6, zot_1, zot_end,
          crypt_end, forest_end, elf_end, slime_end, tomb_end, abyss_end,
          pan_hell_end]

Skill      XL: |  1  2  3  4  5  6  7  8  9 10 11 12 13 |
---------------+----------------------------------------+-----
Invocations    | 2 3 6 8 9 10 12 13 14 | 14.5
Short Blades   | 2 3 5 6 7 8 9 11 12 13 | 13.4
Long Blades    | 2 3 5 6 7 8 9 11 12 13 | 13.4
Axes           | 2 3 5 6 7 8 9 11 12 13 | 13.4
Maces & Flails | 2 3 5 6 7 8 9 11 12 13 | 13.4
Polearms       | 2 3 5 6 7 8 9 11 12 13 | 13.4
Staves         | 2 3 5 6 7 8 9 11 12 13 | 13.4
Ranged Weapons | 2 3 5 6 7 8 9 11 12 13 | 13.4
Throwing       | 2 3 5 6 7 8 9 11 12 13 | 13.4
Shields        | 2 3 5 6 7 8 9 11 12 13 | 13.4
Unarmed Combat | 2 3 5 6 7 8 9 11 12 13 | 13.4
Spellcasting   | 2 3 5 6 7 8 9 11 12 13 | 13.4
Evocations     | 2 3 5 6 7 8 9 11 12 13 | 13.4
Fighting       | 5 7 9 10 12 13 14 | 14.1
Dodging        | 3 4 6 8 10 11 13 | 13.6
Stealth        | 8 9 10 11 12 13 14 15 | 15.3
Conjurations   | 1 2 4 5 6 7 8 9 10 11 | 11.3
Hexes          | 1 2 4 5 6 7 8 9 10 11 | 11.3
Summonings     | 1 2 4 5 6 7 8 9 10 11 | 11.3
Necromancy     | 1 2 4 5 6 7 8 9 10 11 | 11.3
Translocations | 1 2 4 5 6 7 8 9 10 11 | 11.3
Transmutations | 1 2 4 5 6 7 8 9 10 11 | 11.3
Fire Magic     | 1 2 4 5 6 7 8 9 10 11 | 11.3
Ice Magic      | 1 2 4 5 6 7 8 9 10 11 | 11.3
Air Magic      | 1 2 4 5 6 7 8 9 10 11 | 11.3
Earth Magic    | 1 2 4 5 6 7 8 9 10 11 | 11.3
Poison Magic   | 1 2 4 5 6 7 8 9 10 11 | 11.3
Shapeshifting  | 1 2 4 5 6 7 8 9 10 11 | 11.3
Armour         | 7 8 9 10 11 13 14 | 14.8

Action                     |  1- 3 |  4- 6 |  7- 9 | 10-12 | 13-15 || total
---------------------------+-------+-------+-------+-------+-------++-------
  Melee: Dagger            |    43 |    27 |       |       |       ||    70
         Bite              |     4 |     3 |     1 |    49 |    11 ||    68
         Punch             |     1 |     1 |       |    25 |       ||    27
         Scimitar          |       |       |     7 |   145 |       ||   152
         Demon blade       |       |       |       |   204 |    56 ||   260
  Throw: Dart              |     2 |       |       |     2 |       ||     4
 Invoke: Berserk           |       |       |       |     5 |     2 ||     7
  Evoke: Wand              |       |     2 |     7 |     2 |     6 ||    17
    Use: Potion            |     1 |       |       |    14 |       ||    15
         Scroll            |       |       |       |     5 |       ||     5
   Stab: Distracted        |       |       |       |     1 |       ||     1
         Sleeping          |       |       |       |     1 |       ||     1
 Armour: Ring mail         |    16 |     7 |       |       |       ||    23
         Scale mail        |       |       |     2 |    55 |       ||    57
         Chain mail        |       |       |       |    44 |    14 ||    58
  Dodge: Dodged            |    21 |    15 |     6 |   140 |    19 ||   201

Table legend: (Time is in decaauts)
 A = Elapsed time spent in this place.
 B = Non-inter-level travel time spent in this place.
 C = Inter-level travel time spent in this place.
 D = Time resting spent in this place.
 E = Time spent auto-exploring this place.
 F = Levels seen in this place.
 G = Mean time per level.
                   A        B        C        D        E       F      G
               +--------+--------+--------+--------+--------+-----+--------+
         Total |   4479 |   4479 |      0 |   1515 |   1466 |   1 | 4479.0 |
       Dungeon |   4479 |   4479 |      0 |   1515 |   1466 |   1 | 4479.0 |
               +--------+--------+--------+--------+--------+-----+--------+

Top non-repeatable levels by time:
       D: 4479 daAuts
